 Dungeon Crawl Stone Soup version 0.30.1-9-gdf580d7c3d (webtiles) character file.

Game seed: 16149829210916465142

190 lonewolfV2 the Magician (level 5, -7/35 HPs)
             Began as a Demonspawn Conjurer on Oct 24, 2023.
             Mangled by a killer bee (9 damage)
             ... on level 4 of the Dungeon.
             The game lasted 00:12:31 (5040 turns).

lonewolfV2 the Magician (Demonspawn Conjurer)       Turns: 5040, Time: 00:12:32

Health: -7/35      AC:  3    Str: 13    XL:     5   Next: 41%
Magic:  11/11      EV: 12    Int: 22    God:
Gold:   132        SH:  0    Dex: 11    Spells: 9/12 levels left

rFire   . . .        p - staff of cold
rCold   + + .        (no shield)
rNeg    . . .        a - +1 robe
rPois   .            (helmet restricted)
rElec   .            (no cloak)
rCorr   .            (no gloves)
SInv    .            (no boots)
Will    .....        (no amulet)
Stlth   ++           l - ring of protection from cold
HPRegen 0.25/turn    k - +6 ring of strength
MPRegen 0.12/turn

%: no passive effects
@: attractive
A: antennae 1, foul stench 1
a: no special abilities


You were on level 4 of the Dungeon.
You visited 1 branch of the dungeon, and saw 4 of its levels.

You collected 132 gold pieces.

Inventory:

Armour
 a - a +1 robe (worn)
Magical Staves
 p - a staff of cold (weapon)
Jewellery
 k - a +6 ring of strength (right hand)
 l - a ring of protection from cold (left hand)
Potions
 b - a potion of magic
 e - a potion of lignification
 g - a potion of cancellation
 h - 2 potions of flight


   Skills:
 - Level 1.8 Dodging
 - Level 1.8 Stealth
 - Level 4.1 Spellcasting
 - Level 4.0 Conjurations
 + Level 3.0 Translocations


You had 9 spell levels left.
You knew the following spells:

 Your Spells              Type           Power      Damage    Failure   Level
a - Magic Dart            Conj           88%        1d7       2%          1
b - Searing Ray           Conj           44%        2d6       3%          2

Your spell library contained the following spells:

 Spells                   Type           Power      Damage    Failure   Level
 Sandblast                Erth           8%         2d5       11%         1
 Dazzling Flash           Conj/Hex       26%        N/A       14%         3
 Stone Arrow              Conj/Erth      26%        3d8       14%         3
 Passwall                 Tmut/Erth      3%         N/A       17%         2
 Iskenderun's Mystic Bla  Conj/Tloc      20%        2d6       26%         4
 Frozen Ramparts          Ice            12%        1d2       32%         3
 Fulminant Prism          Conj/Hex       6%         3d7       43%         4
 Ice Form                 Ice/Tmut       6%         N/A       73%         4
 Summon Ice Beast         Ice/Summ       6%         N/A       73%         4


Dungeon Overview and Level Annotations

Branches:
Dungeon (4/15)
 Temple: D:4-7

Altars:
Trog

Annotations:
D:3 1 runed translucent door, lonewolfV2's ghost, weakling DsCK


Innate Abilities, Weirdness & Mutations

You have a pair of small antennae on your head.
You may rarely emit foul miasma when damaged in melee.


Message History

Aiming: Magic Dart (safe; 2% risk of failure)
Press: ? - help, Shift-Dir - straight line, f - killer bee
Aim: a killer bee (100% to hit)
The magic dart hits the killer bee but does no damage.
The killer bee buzzes angrily.
A phantom comes into view.
The gnoll shouts!
The killer bee buzzes angrily.
The killer bee closely misses you. The killer bee stings you.
The killer bee stings you!
The killer bee attacks as you move away!
The killer bee stings you but does no damage.
The killer bee stings you. The killer bee barely misses you. x2
The killer bee closely misses you. The killer bee stings you.
You are poisoned.
The killer bee poisons you!
The killer bee attacks as you move away!
The killer bee stings you.
The killer bee attacks as you move away!
The killer bee stings you.
* * * LOW HITPOINT WARNING * * *
x2 You feel very sick.
The killer bee stings you but does no damage.
The killer bee closely misses you.
You feel better. The killer bee closely misses you. The killer bee stings you.
* * * LOW HITPOINT WARNING * * *
It was a potion of heal wounds.
You feel much better. The killer bee misses you. The killer bee stings you!
The killer bee barely misses you. The killer bee stings you.
The killer bee barely misses you.
The killer bee stings you but does no damage.
It was a potion of attraction.
You feel attractive to monsters. The killer bee stings you!
* * * LOW HITPOINT WARNING * * *
The killer bee misses you. The killer bee barely misses you.
The killer bee closely misses you. The killer bee stings you!
* * * LOW HITPOINT WARNING * * *
The killer bee stings you!
You die...

#......#
#........#
#......#
##.....###
#......# #.###..
#......# ####.###
#.# #.# #.#
#######@##
#.....yyy#
.......W.#
#.......g#####...
##...............
##.#####...gW...
#. #........ #
#........
#........ #...


You could see a phantom, 3 killer bees and a gnoll.

Vanquished Creatures
  A killer bee (D:4)
  A hound (D:4)
  5 adders (D:2)
  A worm (D:3)
  3 dart slugs
  An orc (D:4)
  4 ball pythons
  4 endoplasms
  4 giant cockroaches
  2 goblins (D:2)
  6 hobgoblins
  8 jackals
  5 kobolds
  5 quokkas
  4 bats
  3 frilled lizards (D:2)
  6 rats
63 creatures vanquished.

Vanquished Creatures (others)
  A wizard (D:3)
1 creature vanquished.

Grand Total: 64 creatures vanquished

Notes
Turn   | Place    | Note
-------+----------+-------------------------------------------
     0 | D:1      | lonewolfV2 the Demonspawn Conjurer began the quest for the
                  | Orb.
     0 | D:1      | Reached XP level 1. HP: 13/13 MP: 3/3
   392 | D:1      | Gained mutation: You have a pair of small antennae on your
                  | head. [demonic ancestry]
   392 | D:1      | Reached XP level 2. HP: 16/19 MP: 0/5
  1232 | D:2      | Learned a level 2 spell: Searing Ray
  1298 | D:2      | Reached XP level 3. HP: 24/24 MP: 3/7
  1905 | D:2      | Reached XP level 4. HP: 30/30 MP: 2/10
  2422 | D:2      | Reached skill level 1 in Translocations
  3284 | D:3      | Found a runed translucent door.
  3287 | D:3      | Noticed lonewolfV2's ghost (weakling DsCK)
  3823 | D:3      | Found a bloodstained altar of Trog.
  3825 | D:3      | Noticed a wizard
  3829 | D:3      | Killed a wizard
  4690 | D:4      | Gained mutation: You may rarely emit foul miasma when
                  | damaged in melee. [demonic ancestry]
  4690 | D:4      | Reached XP level 5. HP: 5/35 MP: 6/11
  5031 | D:4      | Noticed a phantom
  5040 | D:4      | Mangled by a killer bee

Illustrated notes

Levels and vault maps discovered:
D:1:      reono_arrival_mine, layout_loops_ring, minivault_27, minivault_4
D:2:      layout_basic
D:3:      layout_basic, trog_wizard, ebering_ghost_sewer_d,
          amcnicky_mini_pool_small, minmay_statues_item, nrook_uturn
D:4:      layout_basic, kennysheep_mini_moat,
          mainiacjoe_overflow_small_starburst, minmay_misc_feat_secret_circle

Skill      XL: |  1  2  3  4  5 |
---------------+----------------+-----
Spellcasting   | 3 4 |  4.1
Translocations | 2 3 |  3.0
Dodging        | |  1.8
Stealth        | |  1.8
Conjurations   | |  4.0

Action                     |  1- 3 |  4- 6 || total
---------------------------+-------+-------++-------
  Melee: Unarmed           |       |     2 ||     2
   Cast: Magic Dart        |    67 |    53 ||   120
         Searing Ray       |     6 |     5 ||    11
    Use: Scroll            |     4 |     6 ||    10
         Potion            |       |     6 ||     6
 Armour: Robe              |     4 |     7 ||    11
  Dodge: Dodged            |     8 |    35 ||    43
